 Dungeon Crawl Stone Soup version 0.28.0 (webtiles) character file.

Game seed: 8295987761753315809

31 psuckher the Sneak (level 3, -1/33 HPs)
             Began as a Minotaur Delver on Feb 16, 2022.
             Slain by an orc (2 damage)
             ... on level 4 of the Dungeon.
             The game lasted 00:00:38 (82 turns).

psuckher the Sneak (Minotaur Delver)                  Turns: 82, Time: 00:00:39

Health: -1/33      AC:  3    Str: 18    XL:     3   Next: 7%
Magic:  2/2        EV: 12    Int:  7    God:
Gold:   9          SH:  0    Dex: 11    Spells: 2/2 levels left

rFire   . . .      SeeInvis .   a - +0 falchion
rCold   . . .      Faith    .   (no shield)
rNeg    . . .      Spirit   .   b - +0 leather armour
rPois   .          Reflect  .   (helmet restricted)
rElec   .          Harm     .   (no cloak)
rCorr   .          Rampage  .   (no gloves)
Will    .....                   (no boots)
Stlth   ++........              (no amulet)
HPRegen 0.11/turn               (no ring)
MPRegen 0.08/turn               (no ring)

@: no status effects
A: horns 2, retaliatory headbutt
a: no special abilities


You were on level 4 of the Dungeon.
You visited 1 branch of the dungeon, and saw 2 of its levels.

You collected 9 gold pieces.

Inventory:

Hand Weapons
 a - a +0 falchion (weapon)
Armour
 b - a +0 leather armour (worn)
Wands
 g - a wand of digging (3)
Scrolls
 c - a scroll of fog
 d - a scroll of magic mapping
 e - a scroll of fear
 i - a scroll of enchant weapon {unknown}
Potions
 f - a potion of haste


   Skills:
 + Level 4.0 Fighting
 + Level 2.6 Long Blades
 + Level 2.2 Dodging
 + Level 4.7 Stealth


You had 2 spell levels left.
You didn't know any spells.
Your spell library was empty.

Dungeon Overview and Level Annotations

Branches:
Dungeon (5/15)
 Temple: D:4-7

Altars:


Innate Abilities, Weirdness & Mutations

You have a pair of horns on your head.
You reflexively headbutt those who attack you in melee.


Message History

The orc wizard is wielding a +2 dagger of protection.
The orc moves out of view.
An orc comes into view. It is wielding a +0 club.
The orc priest barely misses you. You furiously retaliate!
You headbutt the orc priest, but do no damage.
You closely miss the orc priest.
The orc shouts!
The orc wizard shouts!
The ufetubus shouts!
Your headbutt misses the orc priest.
The orc priest hits you with a +0 falchion.
* * * LOW HITPOINT WARNING * * *
An orc comes into view. It is wielding a +0 club.
You closely miss the orc priest.
The orc shouts!
You headbutt the orc priest.
The orc priest is heavily wounded.
You hear a shout!
The orc priest closely misses you.
The orc wizard mumbles some strange words.
The orc wizard flickers and vanishes!
Deactivating autopickup; reactivate with Ctrl-A.
You hit the orc priest.
The orc priest is heavily wounded.
The ufetubus closely misses you. The ufetubus hits you.
* * * LOW HITPOINT WARNING * * *
The ufetubus closely misses you. You furiously retaliate!
You headbutt the ufetubus. The ufetubus closely misses you.
The orc priest hits you with a +0 falchion.
* * * LOW HITPOINT WARNING * * *
The ufetubus hits you.
* * * LOW HITPOINT WARNING * * *
The ufetubus barely misses you.
You closely miss the ufetubus.
The ufetubus is severely wounded.
The orc priest hits you with a +0 falchion.
* * * LOW HITPOINT WARNING * * *
The ufetubus hits you but does no damage.
The ufetubus hits you.
* * * LOW HITPOINT WARNING * * *
The orc hits you with a +0 club.
You die...

..## #...##
.....## .#
..?(..# ..#
##......# ...#
##.......#
#..####o5..o....
#...#..@o.o....
..
#.....###.....
..# ##...## ...
#..# #...# .
#..# ##...##
#..# ##.[...#
#..##..###..#
#....## #..#
#....# #..#


You could see an orc priest, 3 orcs and an ufetubus.

Vanquished Creatures
  A jelly (D:5)
  A hobgoblin (D:4)
2 creatures vanquished.

Notes
Turn   | Place    | Note
-------+----------+-------------------------------------------
     0 | D:5      | psuckher the Minotaur Delver began the quest for the Orb.
     0 | D:5      | Reached XP level 1. HP: 19/19 MP: 0/0
    10 | D:5      | Noticed a jelly
    21 | D:5      | Killed a jelly
    22 | D:5      | Reached XP level 2. HP: 14/27 MP: 1/1
    22 | D:5      | Reached XP level 3. HP: 17/33 MP: 2/2
    39 | D:5      | Noticed an ogre
    82 | D:4      | HP: 1/33 [ufetubus (1)]
    82 | D:4      | Slain by an orc

Illustrated notes

Levels and vault maps discovered:
D:4:      layout_layer_cave
D:5:      layout_cave_pools, gammafunk_ghost_icy

Skill      XL: |  1 |
---------------+----+-----
Fighting       | 4 |  4.0
Long Blades    | |  2.6
Dodging        | |  2.2
Stealth        | |  4.7

Action                   || total
-------------------------++-------
Melee: Falchion          ||    10
       Headbutt          ||     1
  Use: Scroll            ||     1
Armor: Leather armour    ||     2
Dodge: Dodged            ||     9
